 Dungeon Crawl Stone Soup version 0.23-a0-344-ge122d05652 (webtiles) character file.

136 Cesh the Vexing (level 4, -3/21 HPs)
             Began as a Spriggan Enchanter on Oct 19, 2018.
             Slain by a gnoll
             ... wielding a +0 halberd
              (11 damage)
             ... on level 3 of the Dungeon.
             The game lasted 00:12:30 (4764 turns).

Cesh the Vexing (Spriggan Enchanter)                Turns: 4764, Time: 00:12:32

Health: -3/21      AC:  2    Str:  4    XL:     4   Next: 98%
Magic:  11/11      EV: 18    Int: 17    God:
Gold:   117        SH:  0    Dex: 16    Spells: 3/12 levels left

rFire    . . .     SeeInvis +   a - +1 dagger
rCold    . . .     Gourm    .   (shield restricted)
rNeg     . . .     Faith    .   b - +0 robe
rPois    .         Spirit   .   (helmet restricted)
rElec    .         Reflect  .   (no cloak)
rCorr    .         Harm     .   (gloves unavailable)
MR       .....                  (boots unavailable)
Stlth    +++.......             (no amulet)
HPRegen  0.07/turn              (no ring)
MPRegen  0.12/turn              (no ring)

@: very quick
A: very small, unfitting armour, see invisible, herbivore, speed 3, slow
metabolism 2
a: no special abilities


You were on level 3 of the Dungeon.
You were hungry.

You visited 1 branch of the dungeon, and saw 3 of its levels.

You collected 117 gold pieces.

Inventory:

Hand Weapons
 a - a +1 dagger (weapon)
Armour
 b - a +0 robe (worn)
Wands
 g - a wand of digging (14)
Scrolls
 j - a scroll of teleportation
Potions
 c - a potion of heal wounds
 e - a potion of agility
 f - a potion of experience {unknown}
 h - 2 potions of might
 i - a potion of curing {unknown}
Comestibles
 d - 4 rations


   Skills:
 - Level 1.1 Short Blades
 - Level 3.0 Dodging
 + Level 5.0 Stealth
 - Level 4.7 Spellcasting
 - Level 5.3 Hexes


You had 3 spell levels left.
You knew the following spells:

 Your Spells              Type           Power        Failure   Level  Hunger
a - Ensorcelled Hibernat  Hex/Ice        ##....       8%          2    #......
b - Corona                Hex            ###....      1%          1    None
c - Confuse               Hex            ###.....     4%          3    ###....
d - Tukima's Dance        Hex            ###.....     4%          3    ###....

Your spell library contained the following spells:

 Spells                   Type           Power        Failure   Level  Hunger
 Dazzling Spray           Conj/Hex       ##....       14%         3    ###....


Dungeon Overview and Level Annotations

Branches:
Dungeon (3/15)

Altars:

Annotations:
D:3 Fandomethor's ghost, novice GrFi


Innate Abilities, Weirdness & Mutations

You are very small and have problems with some larger weapons.
You are too small for most types of armour.
You have supernaturally acute eyesight. (SInv)
You are a herbivore.
You cover ground extremely quickly.
You need to consume almost no food.


Message History

As you read the scroll of identify, it crumbles to dust.
h - 2 potions of might Unknown command.
Unknown command.
A kobold comes into view. It is wielding a -3 club.
A kobold is nearby! 2 gnolls come into view.
The kobold shouts!
The gnoll shouts! x2
You are feeling hungry.
You hear a shout!
A gnoll comes into view.
You hit the gnoll but do no damage. The gnoll misses you.
The gnoll completely misses you.
You hit the gnoll.
The gnoll is moderately wounded.
The gnoll hits you with a +0 flail!
Ouch! That really hurt!
The gnoll hits you from afar with a +0 halberd!
Ouch! That really hurt!
You die...

### #..........# #..
..#####.##.# #.#
#.##.#####.#### #)#
#####...)..<....(..
#$#
##..............###.
#w# #.......#.#######
#.## #..####.#.#
...## #..####.#.####
###.# #.......K@ggg#
# #.# ##.###..#.##..#
###.## #%###..#.# ..#
...#.## #........# #
..###.###%###..#.#
.## ##............
..###...........#.
#..#.####g###.###...#
#.#.# #.# #.# ..#


You could see 3 gnolls and a kobold.

Vanquished Creatures
  7 adders
  4 worms
  A dart slug (D:3)
  A leopard gecko (D:1)
  4 giant cockroaches (D:3)
  9 goblins
  4 hobgoblins
  3 jackals (D:1)
  8 kobolds
  A ball python (D:1)
  9 bats
  3 frilled lizards
  4 rats
58 creatures vanquished.

Notes
Turn   | Place    | Note
-------+----------+-------------------------------------------
     0 | D:1      | Cesh the Spriggan Enchanter began the quest for the Orb.
     0 | D:1      | Reached XP level 1. HP: 9/9 MP: 5/5
   372 | D:1      | Reached XP level 2. HP: 13/13 MP: 7/7
   376 | D:1      | Learned a level 2 spell: Ensorcelled Hibernation
  1060 | D:2      | Reached XP level 3. HP: 10/16 MP: 3/9
  1065 | D:2      | Learned a level 3 spell: Confuse
  1069 | D:2      | Learned a level 3 spell: Tukima's Dance
  2811 | D:2      | Reached skill level 5 in Hexes
  2811 | D:2      | Reached XP level 4. HP: 21/21 MP: 0/11
  4210 | D:3      | Found a runed door.
  4213 | D:3      | Noticed Fandomethor's ghost (novice GrFi)
  4381 | D:3      | Reached skill level 5 in Stealth
  4764 | D:3      | Slain by a gnoll

Vault maps used:
D:1:      dpeg_arrival_rhombi, moated_statue, minmay_misc_feat_encased
D:2:      minmay_pentomino_v4
D:3:      chequers_temple_overflow_statue_of_worship, first_ration,
          ebering_ghost_sewer_d, kennysheep_generic_room_16

Skill      XL: |  1  2  3  4 |
---------------+-------------+-----
Spellcasting   | 3 4 |  4.7
Hexes          | 4 5 |  5.3
Stealth        | 5 |  5.0
Short Blades   | |  1.1
Dodging        | |  3.0

Action                   |  1- 3 |  4- 6 || total
-------------------------+-------+-------++-------
Melee: Dagger            |    77 |   110 ||   187
 Cast: Corona            |     5 |       ||     5
       Ensorcelled Hiber |    37 |    21 ||    58
       Confuse           |       |     6 ||     6
  Use: Scroll            |     3 |     4 ||     7
 Stab: Sleeping          |    27 |    12 ||    39
  Eat: Ration            |     1 |     1 ||     2
Armor: Robe              |    11 |    20 ||    31
Dodge: Dodged            |    85 |   105 ||   190

Table legend:
 A = Non-vault XP
 B = Vault XP
 C = Vault XP percentage of total XP
 D = Non-vault monster count
 E = Vault monster count
 F = Vault count percentage of total count
                 A         B        C        D         E       F
            +---------+---------+-------+---------+---------+-------
      Total |     176 |      19 |   9.7 |      54 |       4 |   6.9
            +---------+---------+-------+---------+---------+-------
        D:1 |      27 |       0 |   0.0 |      15 |       0 |   0.0
        D:2 |     121 |       5 |   4.0 |      25 |       3 |  10.7
        D:3 |      28 |      14 |  33.3 |      14 |       1 |   6.7
            +---------+---------+-------+---------+---------+-------
